 Dungeon Crawl Stone Soup version 0.26.0-10-g1f06aea511 (webtiles) character file.

Game seed: 18047335411706576135

1363 Dracia the Purveyor of Pain (level 8, -1/72 HPs)
             Began as a Deep Dwarf Necromancer on Jan 24, 2021.
             Was an Initiate of Kikubaaqudgha.
             Slain by an unseen horror (6 damage)
             ... on level 6 of the Dungeon.
             The game lasted 00:14:26 (7589 turns).

Dracia the Purveyor of Pain (DDNe)                  Turns: 7589, Time: 00:14:27

Health: -1/72      AC:  7    Str: 11    XL:     8   Next: 38%
Magic:  11/19 (10) EV: 27    Int: 19    God:    Kikubaaqudgha [......]
Gold:   359        SH:  0    Dex: 13    Spells: 1/10 levels left

rFire    + . .     SeeInvis .   x - +0 quarterstaff
rCold    . . .     Faith    .   (shield currently unavailable)
rNeg     . . .     Spirit   .   a - +1 robe
rPois    .         Reflect  .   o - +2 helmet "Nohys" {rElec rC+ MP+9}
rElec    +         Harm     .   (no cloak)
rCorr    .         Rampage  .   (no gloves)
Will     +....                  t - +0 pair of boots
Stlth    ++........             A - amulet of the acrobat
HPRegen  0.00/turn              F - ring of fire
MPRegen  0.16/turn              (no ring)

@: acrobat, non-regenerating
A: damage resistance, heal wounds, sense surroundings 1, no regeneration
a: Heal Wounds, Renounce Religion


You were on level 6 of the Dungeon.
You worshipped Kikubaaqudgha.
Kikubaaqudgha was noncommittal.
You visited 2 branches of the dungeon, and saw 7 of its levels.

You collected 359 gold pieces.


Innate Abilities, Weirdness & Mutations

You are resistant to damage.
You can heal yourself by infusing magical energy.
You passively map a small area around you.
You do not regenerate.


   Skills:
 + Level 3.8 Fighting
 + Level 2.1 Staves
 - Level 2.1 Dodging
 - Level 2.4 Stealth
 - Level 1.7 Spellcasting
 * Level 10.6 Necromancy


You had one spell level left.
You knew the following spells:

 Your Spells              Type           Power        Failure   Level
d - Animate Dead          Necr           20%          2%          4
s - Animate Skeleton      Necr           82%          1%          1
v - Vampiric Draining     Necr           20%          1%          3
z - Pain                  Necr           100%         1%          1

Your spell library contained the following spells:

 Spells                   Type           Power        Failure   Level
 Agony                    Necr           41%          6%          5
 Bolt of Magma            Conj/Fire/Erth 1%           99%         5
 Iskenderun's Battlesphe  Conj           1%           99%         5
 Iron Shot                Conj/Erth      0%           100%        6
 Orb of Destruction       Conj           0%           100%        7
 Spellforged Servitor     Conj/Summ      0%           100%        7

Inventory:

Hand Weapons
 b - a +1 dagger
 d - a +1 dagger of venom
 w - the +8 Wrath of Trog {antimagic, *Rage}
   (You found it on level 5 of the Dungeon)

   It reduces the magical energy of the wielder, and disrupts the spells and
   magical abilities of those hit.
   Natural abilities and divine invocations are not affected.
   It may make you go berserk in combat.
 x - a +0 quarterstaff (weapon)
Missiles
 g - 49 poisoned darts
Armour
 a - a +1 robe (worn)
 o - the +2 helmet "Nohys" (worn) {rElec rC+ MP+9}
   (You took it off Robin on level 3 of the Dungeon)

   It protects you from cold.
   It insulates you from electricity.
   It affects your magic capacity (+9).
 t - a +0 pair of boots (worn)
Jewellery
 A - an amulet of the acrobat (around neck)
 F - a ring of fire (left hand)
Wands
 m - a wand of random effects (59)
Scrolls
 e - a scroll of enchant weapon
 h - 2 scrolls of remove curse {@r2@r2}
 j - a scroll of noise {unknown}
 q - 2 scrolls of blinking
 r - a scroll of fog
 v - a scroll of teleportation {@r4@r4}
 y - a scroll of identify {@r1@r1}
Potions
 c - a potion of heal wounds {unknown}
 f - 2 potions of attraction
 i - 4 potions of ambrosia
 k - a potion of berserk rage {!q!q}
 l - 4 potions of lignification
 n - a potion of haste {unknown}
 p - a potion of brilliance {unknown}
 s - a potion of curing {@q1@q1}
 u - a potion of cancellation {unknown}

Dungeon Overview and Level Annotations

Branches:
Dungeon (6/15)             Temple (1/1) D:5

Altars:
Ashenzari
Cheibriados
Dithmenos
Elyvilon
Fedhas
Gozag
Hepliaklqana
Kikubaaqudgha
Makhleb
Okawaru
Qazlal
Sif Muna
Trog
Uskayaw
Wu Jian
Xom
Yredelemnul
Zin
The Shining One

* ,.. ≈#.# ,* *#.* _⌠
#.# #. ≈ #.#### * , ,
#.######.... ,* ,
#.........## #
######........##.##
...................## *
#######..............
####@#..###..# * #.#..#
*,> #.#..###..#
#.........# ###.#######
#.##....###### #####
#.##.##.##...##
#####...#
#.##[##.#.###.##
#.....#.#####........##
##.#


There were no monsters in sight!


Message History

You closely miss something. Something hits you. x3
You barely miss something. Something hits you!
* * * LOW HITPOINT WARNING * * *
You hit something but do no damage. Something hits you!
* * * LOW HITPOINT WARNING * * *
Something hits you.
* * * LOW HITPOINT WARNING * * *
Something hits you.
* * * LOW HITPOINT WARNING * * *
Something closely misses you.
Use which ability? (? or * to list)
You feel much better. Something hits you! Something hits you.
* * * LOW HITPOINT WARNING * * *
You hit something. Something hits you but does no damage. Something hits you!
* * * LOW HITPOINT WARNING * * *
Something closely misses you. Something closely misses you.
Something barely misses you.
You hit something. Something hits you.
* * * LOW HITPOINT WARNING * * *
Something completely misses you. Something hits you!
* * * LOW HITPOINT WARNING * * *
You hit something. Something hits you!
* * * LOW HITPOINT WARNING * * *
Something hits you!
* * * LOW HITPOINT WARNING * * *
Something hits you!
You die...
Kikubaaqudgha rasps: "You have failed me!
Welcome... death!"

Skill      XL: |  1  2  3  4  5  6  7  8 |
---------------+-------------------------+-----
Necromancy     | 5 6 7 8 9 10 | 10.6
Fighting       | 2 3 |  3.8
Staves         | 1 2 |  2.1
Dodging        | |  2.1
Stealth        | |  2.4
Spellcasting   | |  1.7

Action                   |  1- 3 |  4- 6 |  7- 9 || total
-------------------------+-------+-------+-------++-------
Melee: Unarmed           |    24 |       |       ||    24
       Dagger            |    51 |   172 |    19 ||   242
       Quarterstaff      |       |       |    37 ||    37
       Battleaxe         |       |       |     8 ||     8
 Cast: Pain              |    45 |       |       ||    45
       Vampiric Draining |       |    57 |    40 ||    97
 Abil: Heal Wounds       |     1 |     1 |     3 ||     5
Evoke: Wand              |       |     5 |       ||     5
  Use: Scroll            |       |    14 |       ||    14
 Stab: Sleeping          |     2 |     5 |       ||     7
Armor: Robe              |    14 |    35 |    29 ||    78
Dodge: Dodged            |    43 |   145 |    86 ||   274

Levels and vault maps discovered:
D:1:      elethiomel_arrival_maze, layout_loops_ring, minivault_24
D:2:      layout_loops_ring, chequers_ecumenical_altar_simple_redux
D:3:      corexii_shack_village, layout_loops_ring,
          nicolae_overflow_crystal_walls, kennysheep_generic_room_6, uniq_robin
D:4:      layout_loops_corners, lemuel_round_altar,
          nicolae_qazlal_eye_of_the_storm
D:5:      layout_rooms, grunt_temple_overflow_bloody_war,
          overflow_temple_1_default, gammafunk_temple_overflow_pools,
          temple_doors_e, kennysheep_pointless_box, uniq_menkaure, uniq_grinder
D:6:      layout_loops_corners, lemuel_doored_altar, general_overflow_altar,
          zin_scriptorium, grunt_ministairs_9, okawaru_ov_weapons_minmay
Temple:   dpeg_three_leaves_temple

Notes
Turn   | Place    | Note
-------+----------+-------------------------------------------
     0 | D:1      | Dracia the Deep Dwarf Necromancer began the quest for the
                  | Orb.
     0 | D:1      | Reached XP level 1. HP: 15/15 MP: 3/3
   162 | D:1      | Reached XP level 2. HP: 8/22 MP: 1/4
   199 | D:1      | Learned a level 1 spell: Animate Skeleton
   294 | D:1      | Reached skill level 5 in Necromancy
   961 | D:1      | Reached XP level 3. HP: 28/28 MP: 1/5
   965 | D:1      | Learned a level 3 spell: Vampiric Draining
  1194 | D:2      | Found a faded altar of an unknown god.
  1274 | D:2      | Reached skill level 6 in Necromancy
  1421 | D:2      | Reached XP level 4. HP: 28/36 MP: 1/6
  2644 | D:3      | Found a blossoming altar of Fedhas.
  2649 | D:3      | Identified the +2 helmet "Nohys" {rElec rC+ MP+9}
  2649 | D:3      | Noticed Robin
  2665 | D:3      | Killed Robin
  2681 | D:3      | Reached skill level 7 in Necromancy
  2683 | D:3      | Reached XP level 5. HP: 28/42 MP: 0/7
  3901 | D:4      | Reached skill level 8 in Necromancy
  3901 | D:4      | Reached XP level 6. HP: 49/49 MP: 8/8
  4455 | D:4      | Found a hazy altar of Hepliaklqana.
  4743 | D:4      | Reached skill level 1 in Fighting
  5089 | D:4      | Found a stormy altar of Qazlal.
  5124 | D:5      | Entered Level 5 of the Dungeon
  5159 | D:5      | Found a bloodstained altar of Trog.
  5160 | D:5      | Found an iron altar of Okawaru.
  5313 | D:5      | Noticed Grinder
  5325 | D:5      | Paralysed by Grinder for 6 turns
  5351 | D:5      | Killed Grinder
  5352 | D:5      | Reached skill level 2 in Fighting
  5352 | D:5      | Reached skill level 9 in Necromancy
  5352 | D:5      | Reached XP level 7. HP: 20/60 MP: 9/9
  5437 | D:5      | Found a staircase to the Ecumenical Temple.
  5444 | Temple   | Entered the Ecumenical Temple
  5680 | D:5      | Found the +8 Wrath of Trog {antimagic, *Rage}
  5681 | D:5      | Found an ancient bone altar of Kikubaaqudgha.
  5681 | D:5      | Found a hide-covered altar of Uskayaw.
  6436 | D:5      | Became a worshipper of Kikubaaqudgha
  6534 | D:5      | Reached skill level 3 in Fighting
  6681 | D:5      | Learned a level 4 spell: Animate Dead
  6720 | D:5      | Found a shimmering altar of Xom.
  6768 | D:5      | Reached skill level 10 in Necromancy
  6920 | D:5      | Noticed Menkaure
  6928 | D:5      | Killed Menkaure
  6929 | D:5      | Reached skill level 1 in Staves
  6929 | D:5      | Reached XP level 8. HP: 27/69 MP: 10/10
  7182 | D:6      | Reached skill level 2 in Staves
  7296 | D:6      | Found a white marble altar of Elyvilon.
  7372 | D:6      | Found a glowing silver altar of Zin.
  7588 | D:6      | HP: 5/72 [something (7)]
  7589 | D:6      | Slain by an unseen horror

Vanquished Creatures
  Grinder (D:5)
  Menkaure (D:5)
  A water moccasin (D:5)
  A phantom (D:5)
  2 bullfrogs (D:6)
  A scorpion (D:5)
  2 hounds
  An orc priest (D:5)
  2 jellies (D:5)
  A bullfrog skeleton (D:4)
  2 orc wizards (D:5)
  2 iguanas
  5 worker ants
  A worker ant zombie (D:5)
  Robin (D:3)
  A gnoll (D:5)
  13 adders
  3 dart slugs (D:1)
  5 leopard geckos
  11 orcs
  7 giant cockroaches
  17 goblins
  9 hobgoblins
  3 jackals (D:5)
  5 kobolds
  2 quokkas (D:3)
  9 bats
  10 frilled lizards
  A leopard gecko skeleton (D:4)
  8 rats
128 creatures vanquished.

Table legend: (Time is in decaauts)
 A = Elapsed time spent in this place.
 B = Non-inter-level travel time spent in this place.
 C = Inter-level travel time spent in this place.
 D = Time resting spent in this place.
 E = Time spent auto-exploring this place.
 F = Levels seen in this place.
 G = Mean time per level.
                   A        B        C        D        E       F      G
               +--------+--------+--------+--------+--------+-----+--------+
         Total |   7606 |   7460 |    146 |    811 |   5503 |   7 | 1086.6 |
       Dungeon |   7521 |   7375 |    146 |    811 |   5436 |   6 | 1253.5 |
        Temple |     85 |     85 |      0 |      0 |     67 |   1 |   85.0 |
               +--------+--------+--------+--------+--------+-----+--------+

Top non-repeatable levels by time:
     D:5: 1970 daAuts
     D:3: 1601 daAuts
     D:4: 1195 daAuts
     D:1: 1175 daAuts
     D:2: 1151 daAuts
     D:6: 426 daAuts
  Temple: 85 daAuts

Table legend:
 A = Non-vault XP
 B = Vault XP
 C = Vault XP percentage of total XP
 D = Non-vault monster count
 E = Vault monster count
 F = Vault count percentage of total count
                 A         B        C        D         E       F
            +---------+---------+-------+---------+---------+-------
      Total |    1244 |     704 |  36.1 |     100 |      28 |  21.9
            +---------+---------+-------+---------+---------+-------
        D:1 |      46 |       0 |   0.0 |      24 |       0 |   0.0
        D:2 |     100 |       0 |   0.0 |      24 |       0 |   0.0
        D:3 |      83 |      58 |  41.1 |      15 |      23 |  60.5
        D:4 |     254 |       0 |   0.0 |      12 |       0 |   0.0
        D:5 |     689 |     459 |  40.0 |      21 |       3 |  12.5
        D:6 |      72 |     187 |  72.2 |       4 |       2 |  33.3
            +---------+---------+-------+---------+---------+-------
